Map: Avalon Labs

Players

Shiro

  • Race: Zerg Zerg
  • League: Silver

YunoGasai

  • Race: Terran Terran
  • League: Bronze

Mindstrike

  • Race: Protoss Protoss

JohnMcClane - Winner!

  • Race: Zerg Zerg
  • League: Silver

Hindulaatti - Winner!

  • Race: Protoss Protoss
  • League: Diamond

JackONeill - Winner!

  • Race: Zerg Zerg

VOD

Have the link to the VOD?

Description

Time

  • Played on: Jan. 18, 2016, 10:50 a.m.
  • Length: 8:56
Show
View Real Time Build Order
Export as new Build Order

Shiro Zerg 

Build Orders: Pool First 

Get SALT Encoding   

  12  0:01  Drone  
  13  0:12  Drone  
  14  0:18  Extractor  
  14  0:19  Drone  
  15  0:32  Spawning Pool  
  14  0:39  Overlord  
  14  0:44  Extractor  
  14  0:45  Drone  
  14  0:59  Drone x2  
  16  1:06  Drone  
  17  1:15  Overlord  
  17  1:20  Queen  
  17  1:24  Zergling x2  
  20  1:34  Zergling x2  
  21  1:47  Zergling x2  
  21  1:51  Metabolic Boost  
  22  1:57  Zergling x2  
  23  2:07  Zergling x2  
  21  2:23  Zergling x2  
  22  2:41  Zergling x8  
  26  2:59  Hatchery  
  24  3:09  Hatchery  
  22  3:15  Drone  
  22  3:16  Drone x4  
  27  3:25  Queen  
  29  3:28  Zergling x2  
  30  3:40  Overlord  
  30  3:43  Overlord  
  30  3:57  Baneling Nest  
  29  4:11  Queen  
  31  4:22  Queen  
  33  4:25  Drone x3  
  33  4:26  Drone x2  
  33  4:27  Drone x2  
  33  4:29  Drone  
  36  5:02  Zergling x6  
  36  5:03  Zergling x14  
  46  5:18  Drone x5  
  51  5:24  Extractor  
  51  5:26  Baneling x4  
  51  5:27  Baneling x4  
  51  5:28  Baneling  
  50  5:41  Drone x3  
  50  5:42  Drone x2  
  55  5:48  Overlord x2  
  55  5:49  Overlord  
  44  6:06  Zergling x12  
  44  6:07  Zergling x8  
  40  6:37  Zergling x8  
  40  6:38  Zergling x12  
  40  6:39  Zergling x4  
  35  7:16  Zergling x4  
  35  7:17  Zergling x12  
  35  7:18  Zergling x2  
  30  7:46  Zergling x10  
  30  7:47  Zergling x2  
Show
View Real Time Build Order
Export as new Build Order

YunoGasai Terran 

Build Orders: MMM Bio 

Get SALT Encoding   

  12  0:01  SCV  
  13  0:13  SCV  
  14  0:21  Supply Depot  
  14  0:25  SCV  
  15  0:42  SCV  
  16  0:44  Barracks  
  16  0:50  Refinery  
  16  0:54  SCV  
  17  1:02  Barracks  
  17  1:06  SCV  
  18  1:18  SCV  
  19  1:33  Orbital Command, Supply Depot  
  19  1:36  Refinery  
  19  1:37  Barracks Tech Lab  
  19  1:49  Barracks Reactor  
  19  2:01  SCV  
  20  2:12  Stimpack  
  20  2:13  SCV  
  21  2:25  Command Center  
  21  2:32  Marine x2  
  21  2:35  Marine  
  25  2:44  SCV  
  25  2:52  Marine x2  
  25  2:53  Marauder  
  25  2:56  SCV  
  30  3:03  Supply Depot  
  30  3:14  Engineering Bay  
  30  3:25  Supply Depot  
  30  3:29  Marauder  
  32  3:40  Orbital Command  
  32  3:57  Factory  
  32  4:03  SCV  
  32  4:08  Marine x3  
  36  4:11  Orbital Command  
  36  4:13  Combat Shields  
  36  4:28  Supply Depot  
  36  4:43  Starport, Factory Reactor  
  36  4:50  Marauder  
  38  4:56  Supply Depot, SCV x2  
  40  5:08  SCV x2  
  40  5:11  Marauder  
  44  5:20  Barracks  
  44  5:21  Marine x2  
  44  5:25  Starport Reactor  
  44  5:28  Terran Infantry Weapons Level 1  
  46  5:32  Marine, SCV  
  46  5:33  SCV  
  49  5:39  Marine x2  
  51  5:45  SCV x2  
  53  5:50  Marine  
  53  5:53  Hellion x2  
  58  6:08  Marauder  
  58  6:09  Barracks Tech Lab  
  58  6:10  Supply Depot  
  45  6:28  Marine x3  
  45  6:29  Marine  
  45  6:30  Medivac x2  
  45  6:32  Supply Depot, Hellion x2  
  50  6:46  Marine x2, Armory  
  54  6:47  Marauder, Marine  
  53  6:55  Supply Depot  
  45  7:19  Supply Depot  
  26  7:41  Supply Depot  
  25  8:05  Supply Depot  
  23  8:31  Marauder  
  23  8:33  Marauder  
Show
View Real Time Build Order
Export as new Build Order

Mindstrike Protoss 

Build Orders:  

Get SALT Encoding   

  12  0:04  Probe (Chrono Boost)  
  13  0:17  Pylon  
  13  0:20  Probe (Chrono Boost)  
  14  0:28  Assimilator  
  14  0:31  Probe (Chrono Boost)  
  15  0:45  Gateway  
  15  1:02  Probe (Chrono Boost)  
  16  1:12  Probe (Chrono Boost)  
  17  1:22  Pylon  
  17  1:23  Probe (Chrono Boost)  
  18  1:33  Probe (Chrono Boost)  
  18  1:34  Zealot  
  21  1:44  Probe (Chrono Boost)  
  22  1:48  Cybernetics Core  
  22  1:52  Pylon  
  21  1:54  Probe (Chrono Boost)  
  22  2:02  Assimilator  
  22  2:05  Probe (Chrono Boost)  
  23  2:09  Pylon  
  23  2:13  Zealot  
  25  2:34  Warp Gate (Chrono Boost)  
  25  2:37  Gateway  
  25  2:40  Stalker  
  27  2:50  Forge  
  27  3:04  Stargate  
  27  3:16  Probe (Chrono Boost)  
  28  3:21  Stalker  
  28  3:26  Mothership Core (Chrono Boost)  
  32  3:36  Stalker  
  34  3:51  Stalker, Photon Cannon  
  36  4:01  Pylon  
  36  4:16  Nexus  
  36  4:23  Pylon  
  36  4:31  Oracle (Chrono Boost)  
  39  4:40  Protoss Air Weapons Level 1  
  39  4:57  Photon Cannon  
  34  5:21  Oracle (Chrono Boost)  
  33  5:25  Adept  
  33  5:27  Adept  
  33  5:30  Protoss Ground Weapons Level 1 (Chrono Boost)  
  33  5:44  Probe  
  34  5:54  Probe  
  35  5:57  Probe  
  35  6:02  Oracle  
  39  6:05  Probe  
  39  6:09  Probe  
  41  6:16  Probe  
  41  6:17  Zealot  
  38  6:19  Zealot  
  38  6:26  Probe  
  36  7:31  Void Ray (Chrono Boost)  
  37  7:41  Stargate  
  37  7:43  Pylon  
  37  7:44  Pylon  
  37  7:46  Assimilator, Probe  
  37  7:50  Assimilator  
  38  7:56  Adept  
  38  7:57  Probe  
  40  8:05  Twilight Council  
  41  8:08  Probe (Chrono Boost)  
Show
View Real Time Build Order
Export as new Build Order

JohnMcClane Zerg - Winner!

Build Orders: Pool First 

Get SALT Encoding   

  12  0:01  Drone  
  13  0:11  Drone  
  14  0:16  Extractor  
  14  0:18  Extractor  
  14  0:19  Drone  
  13  0:22  Drone  
  16  0:38  Spawning Pool  
  15  0:44  Overlord  
  15  1:07  Hatchery  
  14  1:16  Drone  
  15  1:27  Zergling x4  
  15  1:28  Zergling x2  
  18  1:33  Extractor  
  18  1:34  Queen  
  18  1:39  Zergling x2  
  20  1:49  Overlord  
  20  2:05  Drone  
  20  2:17  Drone  
  18  2:36  Drone, Roach Warren  
  18  2:37  Drone x3  
  21  2:38  Queen  
  23  2:48  Drone x2  
  25  3:19  Evolution Chamber  
  24  3:21  Roach x2  
  24  3:22  Overlord  
  28  3:32  Overlord x2  
  28  3:37  Spore Crawler  
  28  3:39  Drone  
  28  3:47  Zerg Missile Weapons Level 1  
  28  3:49  Lair  
  28  3:55  Drone x3  
  31  4:03  Drone  
  31  4:04  Drone x2  
  34  4:13  Spine Crawler  
  33  4:21  Drone  
  34  4:27  Overlord  
  34  4:35  Drone x6  
  40  4:40  Extractor  
  39  4:46  Roach x3  
  45  4:58  Roach x3  
  51  5:06  Roach x3  
  57  5:16  Overlord  
  57  5:17  Extractor  
  57  5:21  Overlord  
  56  5:22  Drone x3  
  59  5:32  Spore Crawler  
  59  5:33  Drone x2  
  60  5:43  Drone  
  60  5:44  Drone x2, Overlord  
  60  5:45  Glial Reconstitution  
  63  5:51  Overseer  
  63  6:07  Hatchery  
  63  6:10  Drone x4  
  66  6:15  Drone x2, Extractor  
  65  6:30  Queen  
  65  6:49  Spine Crawler, Overlord  
  65  6:50  Spine Crawler  
  63  7:00  Ravager  
  60  7:17  Drone x3  
  60  7:18  Drone x7  
  61  7:42  Evolution Chamber  
  60  7:55  Extractor  
  60  7:58  Drone x7  
  60  7:59  Drone x7, Infestation Pit, Extractor  
  71  8:16  Spore Crawler  
  70  8:32  Roach x2  
  70  8:33  Roach x2  
  78  8:46  Hatchery  
  76  8:54  Ravager  
  77  8:55  Ravager x2  
Show
View Real Time Build Order
Export as new Build Order

Hindulaatti Protoss - Winner!

Build Orders: Mass Adepts 

Get SALT Encoding   

  12  0:02  Probe (Chrono Boost)  
  13  0:12  Probe (Chrono Boost)  
  14  0:20  Pylon  
  14  0:23  Probe (Chrono Boost)  
  15  0:38  Probe (Chrono Boost)  
  15  0:41  Gateway  
  16  0:49  Probe (Chrono Boost)  
  17  0:56  Assimilator  
  17  0:59  Probe (Chrono Boost)  
  18  1:10  Probe (Chrono Boost)  
  19  1:14  Pylon  
  19  1:20  Probe (Chrono Boost)  
  20  1:30  Cybernetics Core  
  20  1:34  Assimilator  
  20  1:35  Probe (Chrono Boost)  
  21  1:46  Probe (Chrono Boost)  
  22  2:05  Probe (Chrono Boost)  
  22  2:07  Warp Gate  
  22  2:08  Adept  
  25  2:14  Nexus  
  25  2:17  Probe (Chrono Boost)  
  26  2:25  Pylon  
  26  2:27  Probe (Chrono Boost)  
  27  2:35  Adept  
  29  2:46  Gateway  
  29  2:48  Mothership Core (Chrono Boost), Pylon  
  31  3:02  Adept  
  33  3:17  Gateway  
  33  3:19  Probe (Chrono Boost)  
  35  3:27  Probe (Chrono Boost)  
  35  3:29  Probe (Chrono Boost)  
  35  3:33  Adept  
  38  3:37  Probe (Chrono Boost)  
  38  3:39  Pylon  
  38  3:40  Probe (Chrono Boost)  
  40  3:43  Pylon  
  40  3:50  Robotics Facility  
  40  4:15  Adept x3  
  46  4:30  Forge  
  46  4:33  Probe x2 (Chrono Boost)  
  46  4:35  Assimilator, Adept x2  
  46  4:36  Adept  
  54  4:43  Warp Prism  
  56  4:46  Probe x2 (Chrono Boost)  
  58  5:00  Adept x3  
  64  5:22  Adept x3  
  70  5:31  Pylon x2  
  70  5:33  Pylon  
  70  5:36  Gateway, Protoss Ground Weapons Level 1  
  70  5:39  Gateway  
  70  5:42  Pylon  
  70  5:44  Adept x2  
  70  5:46  Adept  
  70  6:12  Adept x3  
  68  6:41  Gateway x2  
  68  6:43  Photon Cannon  
  68  6:44  Gateway  
  66  6:55  Adept x2  
  66  6:56  Adept x2  
  60  7:21  Probe (Chrono Boost)  
  60  7:22  Probe (Chrono Boost)  
  58  7:24  Assimilator  
  58  7:26  Adept x2  
  58  7:29  Stalker, Adept x2  
  68  7:32  Probe (Chrono Boost)  
  69  7:45  Zealot x3  
  73  7:55  Zealot x4  
  73  7:56  Zealot  
  77  8:15  Zealot x4  
  77  8:16  Zealot x2  
  77  8:18  Stalker  
  91  8:23  Stalker  
  94  8:27  Probe (Chrono Boost)  
  94  8:40  Zealot x3  
  100  8:42  Sentry x2  
  100  8:44  Sentry  
Show
View Real Time Build Order
Export as new Build Order

JackONeill Zerg - Winner!

Build Orders: 3 Hatch before Pool 

Get SALT Encoding   

  12  0:01  Drone  
  13  0:09  Drone  
  14  0:16  Overlord  
  14  0:26  Drone, Extractor  
  15  0:36  Drone x2  
  17  0:54  Hatchery  
  16  0:58  Drone  
  16  0:59  Drone  
  18  1:22  Hatchery  
  17  1:34  Spawning Pool  
  17  1:36  Drone  
  17  1:40  Drone  
  17  1:42  Drone  
  19  1:53  Drone  
  20  1:57  Extractor  
  20  1:59  Overlord  
  19  2:06  Drone  
  20  2:20  Queen  
  22  2:24  Drone x3  
  25  2:30  Queen  
  25  2:33  Drone  
  25  2:36  Drone  
  29  2:40  Drone  
  30  2:48  Overlord  
  30  2:54  Zergling x2  
  30  2:55  Zergling x4  
  33  3:01  Drone x3  
  36  3:07  Drone x2  
  38  3:14  Metabolic Boost  
  38  3:17  Drone x3  
  41  3:27  Overlord  
  41  3:29  Drone x2  
  41  3:30  Drone x2  
  45  3:39  Lair  
  45  3:40  Extractor  
  44  3:43  Drone x3  
  44  3:48  Drone x3  
  50  3:52  Drone x2  
  50  3:54  Drone x2  
  54  4:04  Extractor  
  54  4:05  Extractor  
  54  4:07  Spore Crawler  
  51  4:10  Spore Crawler  
  51  4:12  Zergling x4  
  51  4:13  Zergling x10  
  57  4:23  Drone  
  58  4:24  Overlord x2  
  58  4:35  Overlord, Queen, Extractor  
  58  4:36  Overlord, Extractor  
  58  4:38  Spore Crawler  
  57  4:46  Spire  
  56  5:01  Drone x3  
  56  5:02  Drone x2  
  60  5:09  Overlord x2  
  60  5:10  Overlord  
  60  5:20  Drone x3  
  60  5:21  Drone  
  64  5:22  Evolution Chamber  
  64  5:23  Drone x4  
  64  5:24  Evolution Chamber  
  66  5:39  Drone x3  
  69  5:48  Infestation Pit, Zerg Melee Weapons Level 1  
  69  5:49  Zerg Ground Armor Level 1  
  68  6:03  Mutalisk  
  68  6:04  Mutalisk x6  
  68  6:05  Mutalisk  
  83  6:22  Zerg Flyer Weapons Level 1  
  83  6:25  Overlord x4  
  76  7:04  Mutalisk x6  
  76  7:05  Mutalisk x2  
  91  7:29  Mutalisk x3  
  95  7:46  Extractor  
  95  7:47  Drone  
  95  7:48  Drone x5, Hatchery  
  95  7:49  Overlord x5  
  95  7:51  Extractor  
  98  7:59  Drone  
  98  8:00  Drone  
  98  8:03  Drone  
  98  8:04  Drone x3  
  98  8:05  Drone x3  
  106  8:06  Drone  
  106  8:11  Overseer x2  
  106  8:12  Pneumatized Carapace  
  108  8:37  Overlord x4  
  108  8:38  Overlord  
Tags
 
Add a new tag
Caveats
  • Supply blocks, unpowered buildings, or Contaminate may cause inaccurate times.
  • Supply counts are checked every 10 seconds.